Map: Oceanborn LE

Players

jeannysu - Winner!

  • Race: Zerg Zerg
  • Spawn Location: 11:00

인공지능 칸 (정예)

  • Race: Protoss Protoss
  • Spawn Location: 5:00

VOD

Have the link to the VOD?

Description

Time

  • Played on: Sept. 24, 2025, 10:30 a.m.
  • Length: 12:36
Show
View Real Time Build Order
Export as new Build Order

jeannysu Zerg - Winner!

Build Orders: Hatch First 

Get SALT Encoding   

  12  0:00  Drone  
  13  0:12  Overlord  
  13  0:17  Drone  
  14  0:30  Drone x2  
  16  0:48  Hatchery  
  15  0:51  Drone  
  15  0:55  Drone  
  17  0:57  Drone  
  18  1:09  Extractor  
  17  1:15  Spawning Pool  
  17  1:17  Drone  
  17  1:20  Drone  
  18  1:28  Drone  
  19  1:39  Drone  
  20  2:02  Queen x2  
  20  2:04  Zergling x2  
  20  2:07  Zergling x2  
  26  2:11  Drone  
  26  2:13  Drone  
  28  2:20  Metabolic Boost  
  28  2:25  Overlord  
  28  2:43  Queen  
  30  2:45  Drone  
  30  2:46  Drone  
  30  2:47  Hatchery  
  30  2:49  Drone  
  30  2:50  Drone  
  33  2:57  Drone x2  
  35  3:01  Overlord  
  35  3:04  Drone  
  36  3:18  Overlord  
  36  3:26  Drone x7  
  43  3:43  Queen  
  45  3:52  Lair  
  45  3:53  Overlord  
  45  3:54  Drone x7  
  52  4:04  Queen  
  52  4:06  Drone x2  
  52  4:07  Drone  
  57  4:11  Overlord  
  57  4:14  Zergling x2  
  58  4:36  Overlord  
  58  4:37  Drone  
  58  4:38  Drone x6  
  65  4:40  Queen  
  67  4:51  Spore Crawler  
  67  4:52  Spore Crawler  
  65  4:54  Queen x2  
  65  4:55  Spore Crawler  
  68  5:03  Zergling x2  
  68  5:04  Zergling x20  
  79  5:16  Queen  
  79  5:19  Hydralisk Den  
  77  5:21  Baneling Nest  
  77  5:23  Drone x5  
  77  5:24  Extractor  
  80  5:29  Overlord x2  
  80  5:41  Overlord x2  
  80  5:50  Drone x2, Extractor  
  80  5:51  Drone x4, Extractor  
  84  6:01  Hydralisk x3  
  89  6:20  Centrifugal Hooks  
  87  6:28  Drone x2, Evolution Chamber  
  87  6:29  Drone x3  
  87  6:30  Evolution Chamber  
  90  6:35  Hydralisk x4  
  98  6:43  Hatchery  
  97  6:51  Extractor  
  97  6:52  Extractor  
  97  6:53  Hydralisk  
  97  6:54  Hydralisk x3  
  97  6:57  Overlord x5  
  103  7:04  Grooved Spines  
  103  7:07  Overlord x3  
  103  7:22  Hydralisk  
  103  7:23  Hydralisk x3  
  103  7:29  Zergling x20  
  121  7:32  Zerg Missile Weapons Level 1  
  121  7:42  Drone x3  
  124  7:56  Zergling x14  
  131  8:08  Hydralisk x2  
  131  8:09  Hydralisk x7  
  149  8:18  Zerg Ground Armor Level 1  
  149  8:20  Infestation Pit  
  149  8:25  Zergling x2  
  149  8:26  Zergling x14  
  156  8:28  Baneling x4  
  156  8:29  Baneling x4  
  156  8:35  Drone  
  156  8:36  Drone x6  
  163  8:49  Overseer  
  163  8:56  Hatchery  
  163  8:58  Hive  
  163  8:59  Infestor x2  
  166  9:17  Overlord x6  
  166  9:22  Zergling x16  
  166  9:23  Zergling x2  
  162  9:49  Hydralisk  
  162  9:50  Hydralisk x14  
  157  10:00  Hydralisk  
  157  10:07  Zerg Missile Weapons Level 2  
  146  10:10  Infestor  
  146  10:19  Zergling x8  
  146  10:20  Zergling x20  
  160  10:21  Hydralisk  
  160  10:22  Hydralisk x3  
  160  10:27  Drone  
  169  10:40  Drone x10  
  179  11:01  Infestor x3  
  185  11:11  Hydralisk  
  185  11:12  Hydralisk x3  
  165  11:29  Zergling x2  
  165  11:30  Zergling x28  
  179  11:38  Overlord  
  178  11:40  Drone x8  
  178  11:43  Extractor  
  184  11:54  Zergling x10  
  185  11:55  Hatchery  
  183  12:16  Zergling x16  
  183  12:17  Zergling x10  
Show
View Real Time Build Order
Export as new Build Order

인공지능 칸 (정예) Protoss 

Build Orders:  

Get SALT Encoding   

  12  0:00  Probe  
  13  0:13  Probe  
  14  0:19  Pylon  
  14  0:25  Probe  
  15  0:33  Probe  
  15  0:41  Probe  
  16  0:47  Assimilator  
  17  0:50  Gateway  
  17  0:51  Probe  
  17  0:56  Assimilator  
  18  0:59  Probe  
  19  1:07  Probe  
  19  1:08  Pylon  
  20  1:21  Probe  
  21  1:35  Probe  
  21  1:37  Zealot  
  24  1:41  Cybernetics Core  
  25  1:47  Probe  
  25  1:57  Probe  
  26  2:06  Probe  
  26  2:14  Probe  
  27  2:18  Pylon  
  27  2:20  Stargate  
  28  2:25  Stargate, Probe  
  28  2:29  Pylon  
  29  2:44  Probe  
  30  3:00  Probe  
  30  3:05  Void Ray, Zealot  
  33  3:12  Pylon, Void Ray  
  41  3:27  Probe  
  42  3:35  Pylon  
  42  3:39  Zealot  
  44  3:41  Probe  
  44  3:48  Void Ray  
  49  3:58  Probe  
  49  4:01  Void Ray  
  50  4:05  Pylon  
  54  4:10  Probe  
  54  4:12  Zealot  
  57  4:25  Phoenix  
  59  4:45  Nexus  
  59  5:03  Fleet Beacon  
  59  5:33  Tempest  
  59  5:49  Gateway  
  63  5:57  Probe  
  63  5:58  Probe  
  65  6:08  Assimilator  
  65  6:09  Probe  
  65  6:10  Probe, Assimilator  
  67  6:19  Probe  
  67  6:21  Carrier  
  67  6:22  Probe  
  75  6:27  Probe  
  75  6:31  Warp Gate  
  76  6:34  Probe  
  76  6:37  Phoenix  
  76  6:38  Pylon, Probe  
  80  6:40  Zealot  
  80  6:46  Probe  
  83  6:49  Forge  
  83  6:50  Probe  
  83  6:53  Robotics Facility  
  84  6:58  Probe  
  84  6:59  Nexus  
  85  7:05  Pylon, Probe  
  86  7:10  Probe  
  87  7:17  Probe  
  88  7:23  Protoss Ground Weapons Level 1  
  88  7:24  Forge  
  88  7:33  Stargate  
  88  7:36  Protoss Ground Armor Level 1  
  88  7:40  Observer  
  89  7:50  Pylon  
  93  7:51  Void Ray  
  93  7:55  Void Ray  
  97  8:11  Probe x3  
  100  8:16  Tempest  
  104  8:20  Assimilator  
  104  8:23  Probe  
  104  8:24  Probe x2  
  107  8:29  Carrier  
  107  8:35  Probe, Assimilator  
  107  8:36  Probe  
  107  8:38  Probe  
  116  8:43  Pylon  
  116  8:47  Probe  
  116  8:48  Gateway, Probe, Zealot  
  119  8:50  Probe  
  119  8:54  Zealot  
  122  8:59  Probe  
  122  9:01  Probe  
  124  9:04  Probe  
  124  9:06  Pylon  
  124  9:08  Zealot  
  127  9:11  Probe  
  127  9:13  Probe x2  
  127  9:14  Zealot  
  131  9:23  Probe  
  131  9:24  Probe  
  132  9:25  Probe  
  132  9:26  Twilight Council  
  132  9:28  Zealot  
  132  9:29  Pylon  
  136  9:34  Zealot  
  136  9:36  Probe  
  139  9:41  Probe  
  139  9:42  Zealot  
  139  9:43  Probe  
  141  9:48  Probe, Zealot  
  141  9:49  Charge  
  141  9:51  Pylon  
  135  9:54  Zealot  
  96  10:02  Zealot  
  75  10:08  Void Ray, Zealot  
  80  10:15  Zealot  
  86  10:25  Void Ray  
  90  10:34  Void Ray  
  90  10:38  Probe  
  90  10:40  Probe  
  90  10:42  Probe  
  93  10:43  Void Ray  
  93  10:46  Zealot  
  98  10:50  Probe, Zealot  
  98  10:52  Probe  
  98  10:54  Probe  
  103  10:58  Zealot  
  103  11:03  Probe  
  106  11:04  Probe  
  106  11:06  Probe  
  106  11:07  Zealot  
  106  11:11  Zealot  
  112  11:14  Probe  
  112  11:15  Probe  
  108  11:18  Probe, Zealot  
  89  11:27  Probe, Zealot  
  89  11:31  Zealot  
  82  11:34  Void Ray  
  86  11:43  Void Ray  
  47  12:31  Pylon  
Tags
 
Matchup
PvZ
Replay Pack
새 폴더
Spawn Locations
Cross Positions
Add a new tag
Caveats
  • Supply blocks, unpowered buildings, or Contaminate may cause inaccurate times.
  • Supply counts are checked every 10 seconds.